 Dungeon Crawl Stone Soup version 0.31-a0-217-g58bb5d79cf (webtiles) character file.

Game seed: 12297839392585059073

47 qw the Shooter (level 3, -1/21 HPs)
             Began as a Gargoyle Hexslinger on July 2, 2023.
             Slain by Robin
             ... wielding a +0 spear
              (4 damage)
             ... on level 2 of the Dungeon.
             The game lasted 00:00:25 (809 turns).

qw the Shooter (Gargoyle Hexslinger)                 Turns: 809, Time: 00:00:26

Health: -1/21      AC:  8    Str: 11    XL:     3   Next: 70%
Magic:  4/4        EV: 10    Int: 13    God:
Gold:   60         SH:  0    Dex: 14    Spells: 3/4 levels left

rFire   . . .        Y - +1 sling
rCold   . . .        (no shield)
rNeg    + . .        h - +0 ring mail
rPois   inf          (no helmet)
rElec   +            (no cloak)
rCorr   .            (no gloves)
SInv    .            (no boots)
Will    .....        (no amulet)
Stlth   +            (no ring)
HPRegen 0.23/turn    (no ring)
MPRegen 0.09/turn

%: no passive effects
@: no status effects
A: sickness immunity, AC +3, negative energy resistance 1, electricity
resistance, torment resistance 1, petrification resistance
a: no special abilities


You were on level 2 of the Dungeon.
You visited 1 branch of the dungeon, and saw 2 of its levels.

You collected 60 gold pieces.


Innate Abilities, Weirdness & Mutations

You are immune to sickness and miasma.
Your stone body is resilient. (AC +3)
You are immune to poison.
You resist negative energy. (rN+)
You are resistant to electric shocks. (rElec)
You are resistant to unholy torment.
You are immune to petrification.


   Skills:
 - Level 2.0 Fighting
 + Level 3.6 Ranged Weapons
 - Level 1.5 Dodging
 - Level 1.0 Spellcasting
 - Level 2.6 Hexes


You had 3 spell levels left.
You knew the following spells:

 Your Spells              Type           Power      Damage    Failure   Level
a - Slow                  Hex            28%        N/A       22%         1

Your spell library contained the following spells:

 Spells                   Type           Power      Damage    Failure   Level
 Inner Flame              Hex/Fire       4%         N/A       75%         3
 Portal Projectile        Hex/Tloc       8%         N/A       75%         3
 Cause Fear               Hex            3%         N/A       92%         4

Inventory:

Hand Weapons
 Y - a +1 sling (weapon)
Armour
 h - a +0 ring mail (worn)
Scrolls
 a - a scroll of identify
 b - a scroll of fear {unknown}
Potions
 i - a potion of curing {unknown}

Dungeon Overview and Level Annotations

Branches:
Dungeon (2/15)

Altars:

Shops:
D:2 (

Annotations:
D:2 Robin


Message History

The hobgoblin no longer looks unusually strong.
The adder bites you. The adder closely misses you.
You shoot a sling bullet. The sling bullet hits the adder.
The adder is almost dead.
The adder closely misses you.
You shoot a sling bullet.
The sling bullet closely misses the adder.
The sling bullet hits the goblin.
You kill the goblin!
The adder closely misses you. The adder bites you but does no damage.
You shoot a sling bullet.
The sling bullet completely misses the adder.
The sling bullet closely misses the hobgoblin.
The adder bites you but does no damage. The adder bites you.
You shoot a sling bullet. The sling bullet misses the adder.
The sling bullet hits the hobgoblin.
You kill the hobgoblin!
Something hits you. The adder bites you but does no damage. Something hits you.
The adder closely misses you.
You shoot a sling bullet.
The sling bullet closely misses the adder.
The adder closely misses you. Something hits you but does no damage.
You shoot a sling bullet.
The sling bullet barely misses the adder.
The adder bites you but does no damage. Something hits you.
The adder misses you.
You shoot a sling bullet. The sling bullet misses the adder.
Something completely misses you. The adder barely misses you.
Something hits you.
You shoot a sling bullet.
The sling bullet barely misses the adder.
The adder closely misses you. The adder misses you. Something hits you.
You shoot a sling bullet.
The sling bullet hits the adder but does no damage.
The adder is almost dead.
The adder bites you. Something hits you. The adder bites you.
You shoot a sling bullet. The sling bullet misses the adder.
The adder bites you but does no damage. Something hits you but does no damage.
The adder bites you but does no damage. Something hits you.
You die...

##............
#8..#####.###.
##........###.
#..#####.##8.
##..####.....\
#8..#>......8.
##(.#.##...#..
########..#.###.###.
#)S@........# #.# #.
#{########### #.# #.
.. #.# #. ..> #.# #.
... #. .#


You could see an adder.

Vanquished Creatures
  A dart slug (D:2)
  2 bats
  3 endoplasms
  4 giant cockroaches
  9 goblins
  6 hobgoblins
  3 kobolds
  2 quokkas (D:1)
  3 ball pythons (D:1)
  2 frilled lizards (D:1)
  A rat (D:1)
36 creatures vanquished.

Notes
Turn   | Place    | Note
-------+----------+-------------------------------------------
     0 | D:1      | qw the Gargoyle Hexslinger began the quest for the Orb.
     0 | D:1      | Reached XP level 1. HP: 12/12 MP: 2/2
     0 | D:1      | 0 ||| qw: Version: 0.3-a-40-ge99b1a8
     0 | D:1      | 0 ||| qw: Game counter: 171
     0 | D:1      | 0 ||| qw: Melee chars always use a shield: true
     0 | D:1      | 0 ||| qw: God list: Okawaru
     0 | D:1      | 0 ||| qw: Allow faded altars: false
     0 | D:1      | 0 ||| qw: Do Orc after clearing Dungeon:15 true
     0 | D:1      | 0 ||| qw: Do second Lair branch before Depths: true
     0 | D:1      | 0 ||| qw: Lair rune preference: random
     0 | D:1      | 0 ||| qw: Goals: Normal
     0 | D:1      | 0 ||| PLANNING D:1-11
   141 | D:1      | Reached XP level 2. HP: 16/16 MP: 3/3
   194 | D:1      | Reached skill level 3 in Ranged Weapons
   597 | D:1      | 597 ||| UPGRADING to +0 ring mail.
   607 | D:1      | 607 ||| DROPPING +0 robe.
   608 | D:1      | 608 ||| READING 2 scrolls labelled LUDUTE ZAUKUC.
   609 | D:1      | 609 ||| READING scroll labelled NUNIPI HEWUEN.
   610 | D:1      | 610 ||| READING 2 scrolls labelled QEUNUUTEMIGG.
   611 | D:1      | 611 ||| READING scroll labelled XUSAELOSAI.
   612 | D:1      | 612 ||| DRINKING 2 brown potions.
   613 | D:1      | 613 ||| DROPPING scroll of poison.
   614 | D:1      | 614 ||| DROPPING scroll of revelation.
   624 | D:2      | Reached XP level 3. HP: 21/21 MP: 4/4
   724 | D:2      | Found Xaddolod's Antique Weapon Emporium.
   773 | D:2      | Noticed Robin
   789 | D:2      | HP: 4/21 [hobgoblin[Robin] (4)]
   790 | D:2      | 790 ||| DRINKING potion of heal wounds.
   808 | D:2      | HP: 5/21 [adder (3)]
   809 | D:2      | Slain by Robin

Levels and vault maps discovered:
D:1:      minmay_arrival_radiant_lines, layout_loops_ring
D:2:      layout_loops_ring, serial_shops, nicolae_shop_tiny_statue_garden,
          chequers_hall_statues_corner_a, uniq_terence, uniq_robin

Skill      XL: |  1  2 |
---------------+-------+-----
Ranged Weapons | 3 |  3.6
Fighting       | 2 |  2.0
Dodging        | |  1.5
Spellcasting   | |  1.0
Hexes          | |  2.6

Action                     || total
---------------------------++-------
   Fire: Sling             ||   119
    Use: Scroll            ||     4
         Potion            ||     2
 Armour: Robe              ||     6
         Ring mail         ||    23
  Dodge: Dodged            ||    44

Table legend:
 A = Non-vault XP
 B = Vault XP
 C = Vault XP percentage of total XP
 D = Non-vault monster count
 E = Vault monster count
 F = Vault count percentage of total count
                 A         B        C        D         E       F
            +---------+---------+-------+---------+---------+-------
      Total |      46 |      22 |  32.4 |      25 |      11 |  30.6
            +---------+---------+-------+---------+---------+-------
        D:1 |      31 |       0 |   0.0 |      18 |       0 |   0.0
        D:2 |      15 |      22 |  59.5 |       7 |      11 |  61.1
            +---------+---------+-------+---------+---------+-------
